 Dungeon Crawl Stone Soup version 0.22-a0-353-g2d6336e (webtiles) character file.

67113 Amnesiac the Bringer of Law (level 15, 0/101 HPs)
             Began as a Halfling Fighter on Apr 15, 2018.
             Was the Champion of Zin.
             Slain by a halberd of freezing (12 damage)
             ... on level 1 of the Elven Halls.
             The game lasted 01:07:42 (21137 turns).

Amnesiac the Bringer of Law (Halfling Fighter)     Turns: 21137, Time: 01:07:43

Health: 0/101      AC: 19    Str: 17    XL:     15   Next: 64%
Magic:  27/28      EV: 15    Int: 11    God:    Zin [******]
Gold:   548        SH: 14    Dex: 16    Spells: 3/14 levels left

rFire    + . .     SeeInvis .   b - +3 scimitar (flame)
rCold    + . .     Gourm    .   f - +3 warlock's mirror {reflect}
rNeg     . . .     Faith    .   Y - +2 chain mail of Kikubaaqudgha's Hope {rF++ MR+ Regen+ Str-5}
rPois    +         Spirit   .   t - +0 helmet
rElec    .         Reflect  +   m - +2 cloak {rPois}
rCorr    .         Harm     .   H - +0 pair of gloves
MR       ++...                  (no boots)
Stlth    ..........             D - +4 amulet of reflection
HPRegen  0.66/turn              E - ring of ice
MPRegen  0.21/turn              V - ring of wizardry

@: brilliant
A: small, mutation resistance 1
a: Recite, Vitalisation, Imprison, Sanctuary, Donate Gold, Renounce Religion


You were on level 1 of the Elven Halls.
You worshipped Zin.
Zin was exalted by your worship.
You were hungry.

You visited 4 branches of the dungeon, and saw 19 of its levels.
You also visited: Ossuary.

You collected 2108 gold pieces.
You spent 1415 gold pieces at shops.
You donated 145 gold pieces to Zin.

Inventory:

Hand Weapons
 a - a +1 dagger of electrocution
 b - a +3 scimitar of flaming (weapon)
 w - a +0 blowgun
Missiles
 c - 6 curare-tipped needles
 r - 3 throwing nets (quivered)
 A - 18 poisoned needles
 U - 5 needles of paralysis
Armour
 f - the +3 warlock's mirror (worn) {reflect}
   (You found it on level 4 of the Dungeon)
 m - a +2 cloak of poison resistance (worn)
 p - a +0 cloak of invisibility
 t - a +0 helmet (worn)
 H - a +0 pair of gloves (worn)
 Y - the +2 chain mail of Kikubaaqudgha's Hope (worn) {rF++ MR+ Regen+ Str-5}
   (You found it on level 13 of the Dungeon)

   It affects your strength (-5).
   It greatly protects you from fire.
   It affects your resistance to hostile enchantments.
   It increases your rate of regeneration.
Jewellery
 o - an uncursed ring of resist corrosion
 D - a +4 amulet of reflection (around neck)
 E - a ring of ice (left hand)
 V - a ring of wizardry (right hand)
Wands
 y - a wand of acid (5)
 F - a wand of iceblast (21)
 J - a wand of paralysis (4)
 M - a wand of enslavement (20)
 N - a wand of flame (23)
Scrolls
 e - 10 scrolls of remove curse {!r}
 g - 3 scrolls of identify {!r}
 i - 3 scrolls of amnesia {!r}
 k - 3 scrolls of enchant weapon {!r}
 x - a scroll of blinking {!r}
 B - 2 scrolls of enchant armour {!r}
 C - 4 scrolls of magic mapping {!r}
 K - 4 scrolls of teleportation {!r}
 Q - 2 scrolls of fear {!r}
 W - 3 scrolls of brand weapon {!r}
Potions
 d - 2 potions of might {!q}
 j - 4 potions of flight {!q}
 n - a potion of lignification {!q}
 q - 2 potions of curing {!q}
 s - a potion of mutation {!q}
 v - 3 potions of brilliance {!q}
 z - a potion of ambrosia {!q}
 I - 2 potions of resistance {!q}
 T - 2 potions of cancellation {!q}
Miscellaneous
 S - a phial of floods (inert)
Comestibles
 u - 22 rations


   Skills:
 - Level 9.0 Fighting
 - Level 14.0 Short Blades
 - Level 9.0 Armour
 - Level 9.0 Dodging
 - Level 9.0 Shields
 + Level 18.0 Invocations


You had 3 spell levels left.
You knew the following spells:

 Your Spells              Type           Power        Failure   Level  Hunger
a - Apportation           Tloc           #.....       34%         1    ##.....
b - Summon Butterflies    Summ           #.......     34%         1    ##.....
e - Mephitic Cloud        Conj/Pois/Air  #.......     65%         3    ####...
s - Conjure Flame         Conj/Fire      #.......     65%         3    ####...
v - Blink                 Tloc           N/A          45%         2    ###....
z - Confusing Touch       Hex            #.....       34%         1    ##.....


Dungeon Overview and Level Annotations

Branches:
Dungeon (15/15)            Temple (1/1) D:4            Lair (0/6) D:10
    Orc (2/2) D:12            Elf (1/3) Orc:2        Vaults (0/5) D:13
 Depths (0/5) D:15

Altars:
Ashenzari
Cheibriados
Dithmenos
Elyvilon
Fedhas
Gozag
Hepliaklqana
Kikubaaqudgha
Makhleb
Nemelex Xobeh
Okawaru
Qazlal
Ru
Sif Muna
Trog
Uskayaw
Vehumet
Wu Jian
Xom
Yredelemnul
Zin
The Shining One

Shops:
D:6 *   D:14 *   Orc:2 :?[?

Portals:
Pandemonium: Orc:2

Annotations:
Elf:1 Donald


Innate Abilities, Weirdness & Mutations

You are small and have problems with some larger weapons.
You are somewhat resistant to further mutation.


Message History

Some walls begin to move on their own! "...the legions of the damned, after which all was well?"
You finish reciting Anathema 1:43.
You hear a shout!
The deep elf elementalist is lost in a daze.
The halberd of freezing closely misses you.
The halberd of freezing hits you but does no damage.
The earth elemental hits you!!
* * * LOW HITPOINT WARNING * * *
Evoke which item? (* to show all) (? for menu, Esc to quit)
Aiming: Corrosive Bolt
Press: ? - help, Shift-Dir - straight line
Okay, then.
Okay, then.
Put on which piece of jewellery? (? for menu, Esc to quit)
That's the wrong kind of item! (Use * to select it.) Put on which piece of jewellery? (? for menu, Esc to quit)
Okay, then.
Put on which piece of jewellery? (? for menu, Esc to quit)
You're wearing all the rings you can.
Remove which one? (? for menu, Esc to cancel) < or
E - a ring of ice; > or
o - a ring of resist corrosion You remove your ring of resist corrosion.
The deep elf elementalist is lost in a daze.
The halberd of freezing hits you!!
* * * LOW HITPOINT WARNING * * *
The halberd of freezing freezes you.
* * * LOW HITPOINT WARNING * * *
V - a ring of wizardry (right hand)
The deep elf elementalist casts a spell at you.
The fireball explodes!
The fireball engulfs you! You resist. Zin protects you from harm!
The fireball engulfs the halberd of freezing.
The halberd of freezing resists.
The fireball engulfs the earth elemental.
The earth elemental completely resists.
Really quaff
L - a potion of heal wounds {!q}?
You feel much better. The halberd of freezing hits you.
* * * LOW HITPOINT WARNING * * *
The halberd of freezing freezes you.
* * * LOW HITPOINT WARNING * * *
You block the earth elemental's attack.
Really quaff
v - 4 potions of brilliance {!q}?
You feel clever all of a sudden.
You block the halberd of freezing's attack.
You block the deep elf elementalist's attack.
The earth elemental hits you!!
* * * LOW HITPOINT WARNING * * *
Okay, then.
Casting: Blink (safe; 45% risk of failure)
Confirm with . or Enter, or press ? or * to list all spells.
Okay, then.
Casting: Blink (safe; 45% risk of failure)
Confirm with . or Enter, or press ? or * to list all spells.
You blink.
You are feeling hungry.
The deep elf elementalist is lost in a daze.
The deep elf elementalist gestures at you while chanting.
Some walls begin to move on their own!
You hear a shout!
You see here a rapier.
The deep elf elementalist is lost in a daze.
The halberd of freezing hits you from afar!
You die...

##....##
.......#############
##.......e.........#
#.......###.####...#####
........####e..........###
........##...............##
........#...E.............#
...[....####..(E.8.....####
e......## ####E.@(.######
......## #....E.E[.....#
§#'.### ####.....######
....## ####.§...8.....####
.....## #..........([[....#
......####..............[##
(§§EE§§§####..[.((.....###
.§.§§E§§§#####.....#####
.§§E§§§## #....(...#


You could see a deep elf elementalist (dazed), 5 earth elementals, a deep elf
mage and a halberd of freezing.

Vanquished Creatures
  An orc warlord (Orc:1)
  Aizul (Elf:1)
  A dire elephant (D:15)
  Azrael (Orc:1)
  The ghost of Nuz the Cleaver, a journeyman MiFi of Okawaru (D:11)
  Josephine (D:14)
  Harold (D:10)
  5 vault guards (D:13)
  A hydra (D:13)
  Erica (D:10)
  An ogre mage (D:13)
  5 centaur warriors
  A dancing weapon (Elf:1)
  4 two-headed ogres
  Urug (D:12)
  7 orc high priests (Orc:2)
  Sonja (D:10)
  A deep elf knight (D:13)
  An unseen horror (D:14)
  4 orc knights (Orc:2)
  A gelid demonspawn (Orc:2)
  An infernal demonspawn (Orc:2)
  5 deep elf archers
  2 torturous demonspawn (Orc:2)
  9 ugly things
  4 orc sorcerers (Orc:2)
  6 deep elf magi
  3 manticores
  A salamander (D:15)
  3 cyclopes
  Maurice (D:13)
  Joseph (D:8)
  A rust devil (Orc:2)
  3 gargoyles
  A smoke demon (Orc:2)
  An efreet (D:9)
  A redback zombie (D:14)
  A red devil (Orc:2)
  A komodo dragon (D:14)
  A tengu conjurer (D:13)
  9 trolls
  A hornet (D:13)
  4 guardian mummies (D:14)
  2 slime creatures (D:15)
  Grinder (D:3)
  A hippogriff (D:14)
  Sigmund (D:3)
  2 ynoxinuls (Orc:2)
  2 water elementals (D:11)
  3 wraiths (D:14)
  19 yaks
  2 fire elementals
  3 hogs (D:7)
  A human (D:7)
  A chaos spawn (Orc:2)
  2 wyverns
  A steam dragon (D:9)
  4 hell hounds
  3 wargs
  An acid dragon (D:13)
  A water moccasin (D:9)
  31 orc warriors
  A hornet zombie (D:15)
  2 eyes of draining
  A sky beast (D:10)
  2 black bears
  3 ice beasts
  3 necrophages
  10 ogres
  2 phantoms
  13 centaurs
  A crocodile (D:15)
  Blork the orc (D:6)
  2 big kobolds (D:10)
  An elf zombie (Ossuary)
  12 bullfrogs
  A water moccasin zombie (D:9)
  3 scorpions
  A water moccasin skeleton (D:4)
  6 killer bees (D:9)
  6 wights
  2 electric eels (D:12)
  2 howler monkeys (D:9)
  8 centaur zombies
  5 crimson imps
  5 hounds
  3 human zombies (Ossuary)
  2 jellies
  28 orc priests
  25 orc wizards
  5 bullfrog skeletons
  6 centaur skeletons
  A gnoll shaman (Temple)
  An iguana (D:9)
  8 worker ants
  Terence (D:3)
  A killer bee zombie (D:9)
  2 big kobold zombies (Ossuary)
  A hound zombie (D:5)
  2 hound skeletons (D:11)
  A howler monkey zombie (D:6)
  8 mummies
  A howler monkey skeleton (D:6)
  7 gnolls
  18 adders
  3 shadow imps
  4 adder zombies (Ossuary)
  2 adder skeletons
  3 worms
  A dart slug (D:1)
  3 leopard geckos
  93 orcs
  8 bats
  3 giant cockroaches
  2 gnoll zombies (Ossuary)
  8 goblins
  4 hobgoblins
  17 jackals
  5 quokkas
  5 frilled lizards
  5 goblin zombies
  6 hobgoblin zombies
  2 jackal zombies (Ossuary)
  21 kobolds
  3 kobold zombies (Ossuary)
  A leopard gecko skeleton (D:6)
  2 quokka skeletons (D:4)
  3 quokka zombies (Ossuary)
  5 rats
  4 rat zombies (Ossuary)
  A pillar of salt (Orc:2)
610 creatures vanquished.

Vanquished Creatures (others)
  A hydra (D:9)
  An ugly thing (D:14)
  3 centaurs
  17 pillars of salt
22 creatures vanquished.

Grand Total: 632 creatures vanquished

Notes
Turn   | Place    | Note
-------+----------+-------------------------------------------
     0 | D:1      | Amnesiac the Halfling Fighter began the quest for the Orb.
     0 | D:1      | Reached XP level 1. HP: 15/15 MP: 1/1
   233 | D:1      | Reached XP level 2. HP: 20/20 MP: 2/2
   376 | D:3      | Reached XP level 3. HP: 22/25 MP: 3/3
   491 | D:3      | You fall through a shaft for 2 floors!
   491 | D:5      | Entered Level 5 of the Dungeon
   515 | D:4      | Noticed a scorpion
   522 | D:4      | Reached skill level 5 in Short Blades
   522 | D:4      | Reached XP level 4. HP: 4/30 MP: 4/4
   525 | D:4      | Reached XP level 5. HP: 5/35 MP: 5/5
   818 | D:4      | Found a burning altar of Makhleb.
   819 | D:4      | Found an iron altar of Okawaru.
   889 | D:5      | Found a sand-covered staircase.
   897 | Ossuary  | Entered an ossuary
  1183 | Ossuary  | Reached XP level 6. HP: 31/41 MP: 6/6
  1453 | Ossuary  | Reached XP level 7. HP: 40/45 MP: 7/7
  2074 | D:4      | Found a staircase to the Ecumenical Temple.
  2076 | D:4      | Found the +3 warlock's mirror {reflect}
  2083 | Temple   | Entered the Ecumenical Temple
  2161 | Temple   | Became a worshipper of Zin the Law-Giver
  2161 | Temple   | Reached * piety under Zin
  2389 | D:4      | Zin protects you from harm!
  2824 | D:4      | Got a slimy spear
  2935 | D:3      | Noticed Terence
  2945 | D:3      | Killed Terence
  2971 | D:3      | Noticed Grinder
  2976 | D:3      | Paralysed by Grinder for 6 turns
  3000 | D:3      | Killed Grinder
  3000 | D:3      | Reached skill level 10 in Short Blades
  3000 | D:3      | Reached XP level 8. HP: 51/51 MP: 8/8
  3301 | D:3      | Reached ** piety under Zin
  3321 | D:3      | Noticed Sigmund
  3333 | D:3      | Killed Sigmund
  3585 | D:2      | Found a blossoming altar of Fedhas.
  5459 | D:5      | Reached skill level 1 in Dodging
  5848 | D:6      | Reached XP level 9. HP: 43/55 MP: 9/9
  5908 | D:5      | Reached skill level 5 in Shields
  6114 | D:6      | Reached *** piety under Zin
  6421 | D:6      | Found Leqew's General Store.
  6423 | D:6      | Noticed Blork the orc
  6430 | D:6      | Killed Blork the orc
  6511 | D:6      | Identified the +5 spear "Xooratus" {venom, Str+2} (You found it on level 4 of the Dungeon)
  6627 | D:7      | Reached skill level 5 in Dodging
  6783 | D:7      | Reached skill level 5 in Armour
  6984 | D:7      | Reached **** piety under Zin
  7060 | D:7      | Reached XP level 10. HP: 61/64 MP: 10/10
  7189 | D:7      | Reached skill level 5 in Fighting
  7199 | D:7      | Reached skill level 2 in Invocations
  7213 | D:7      | Reached skill level 3 in Invocations
  7415 | D:8      | Noticed Joseph
  7506 | D:8      | Killed Joseph
  7506 | D:8      | Reached skill level 4 in Invocations
  7669 | D:8      | Found an iron altar of Okawaru.
  7715 | D:8      | Noticed a seven-headed hydra
  8186 | D:9      | Reached skill level 5 in Invocations
  8554 | D:9      | Found a shadowy altar of Dithmenos.
  8751 | D:9      | Reached skill level 6 in Invocations
  9181 | D:9      | Noticed a two-headed ogre
  9195 | D:9      | Killed a two-headed ogre
  9195 | D:9      | Reached skill level 8 in Invocations
  9195 | D:9      | Reached XP level 11. HP: 60/69 MP: 17/17
  9202 | D:9      | Noticed a manticore
  9213 | D:9      | Noticed an eight-headed hydra
  9278 | D:9      | Killed a four-headed hydra
  9278 | D:9      | Reached skill level 9 in Invocations
  9290 | D:9      | Killed a manticore
  9333 | D:9      | Reached skill level 10 in Invocations
  9336 | D:9      | Noticed a deep elf mage
  9341 | D:9      | Killed a deep elf mage
  9555 | D:9      | Noticed a cyclops
  9587 | D:9      | Killed a cyclops
  9630 | D:9      | Reached skill level 11 in Invocations
  9636 | D:9      | Reached ***** piety under Zin
 10025 | D:10     | Entered Level 10 of the Dungeon
 10076 | D:10     | Found a staircase to the Lair.
 10569 | D:10     | Noticed Harold
 10622 | D:10     | Killed Harold
 10622 | D:10     | Reached skill level 12 in Invocations
 10813 | D:10     | Noticed Erica
 10833 | D:10     | Killed Erica
 10833 | D:10     | Reached XP level 12. HP: 68/77 MP: 21/21
 10997 | D:10     | Noticed Sonja
 11032 | D:10     | Killed Sonja
 11032 | D:10     | Reached skill level 13 in Invocations
 11545 | D:11     | Reached skill level 14 in Invocations
 11649 | D:11     | Noticed Nuz's ghost (journeyman MiFi)
 11663 | D:11     | Killed Nuz's ghost
 11692 | D:11     | Learned a level 2 spell: Blink
 11696 | D:11     | Learned a level 3 spell: Mephitic Cloud
 11700 | D:11     | Learned a level 3 spell: Conjure Flame
 12080 | D:11     | Reached ****** piety under Zin
 12132 | D:12     | Noticed Urug
 12161 | D:11     | Reached skill level 15 in Invocations
 12303 | D:12     | Killed Urug
 12452 | D:12     | Learned a level 1 spell: Confusing Touch
 12463 | D:12     | Learned a level 1 spell: Apportation
 12618 | D:12     | Reached XP level 13. HP: 71/81 MP: 24/24
 13234 | D:12     | Found a staircase to the Orcish Mines.
 13304 | D:13     | Found a stormy altar of Qazlal.
 13559 | D:13     | Noticed a centaur warrior
 13568 | D:13     | Killed a centaur warrior
 13590 | D:13     | Got a pitted chain mail
 13601 | D:13     | Identified the +2 chain mail of Kikubaaqudgha's Hope {rF++ MR+ Regen+ Str-5} (You found it on level 13 of the Dungeon)
 13771 | D:13     | Noticed Maurice
 13838 | D:13     | Killed Maurice
 13865 | D:13     | Noticed a centaur warrior
 13865 | D:13     | Noticed a six-headed hydra
 14182 | D:13     | Noticed a centaur warrior
 14204 | D:13     | Killed a centaur warrior
 14253 | D:13     | Noticed a vault guard
 14260 | D:13     | Noticed a vault guard
 14277 | D:13     | Killed a centaur warrior
 14314 | D:13     | Killed a vault guard
 14580 | D:13     | Noticed an eight-headed hydra
 14600 | D:13     | Killed an eight-headed hydra
 14700 | D:13     | Noticed a vault guard
 14719 | D:13     | Killed a vault guard
 14759 | D:13     | Noticed a vault guard
 14780 | D:13     | Killed a vault guard
 14890 | D:13     | Noticed a vault guard
 14934 | D:13     | Killed a vault guard
 14949 | D:13     | Killed a vault guard
 14992 | D:13     | Found a gate to the Vaults.
 15119 | D:14     | Reached XP level 14. HP: 89/89 MP: 25/25
 15176 | D:14     | Found Hetrudil's Assorted Antiques.
 15302 | D:14     | Got a faintly glowing robe
 15484 | D:14     | Noticed Josephine
 15530 | D:14     | Killed Josephine
 15683 | D:14     | Noticed a reaper
 15683 | D:14     | Noticed a reaper
 15683 | D:14     | Noticed a reaper
 15683 | D:14     | Noticed a reaper
 15683 | D:14     | Noticed a reaper
 16357 | D:14     | Reached skill level 16 in Invocations
 16496 | D:14     | Learned a level 1 spell: Summon Butterflies
 16554 | D:15     | Entered Level 15 of the Dungeon
 17102 | D:15     | Noticed a dire elephant
 17145 | D:15     | Killed a dire elephant
 17260 | D:15     | Found a staircase to the Depths.
 17521 | Orc:1    | Entered Level 1 of the Orcish Mines
 17635 | Orc:2    | Entered Level 2 of the Orcish Mines
 17635 | Orc:2    | Noticed Azrael
 17775 | Orc:1    | Killed Azrael
 17982 | Orc:2    | Found Vamior's Magic Scroll Emporium.
 17987 | Orc:2    | Found Nux Kea's Magic Scroll Shoppe.
 18334 | Orc:2    | Reached XP level 15. HP: 17/98 MP: 27/27
 18788 | Orc:2    | Found a staircase to the Elven Halls.
 19252 | Orc:1    | Found a bloodstained altar of Trog.
 19256 | Orc:1    | Noticed an orc warlord
 19347 | Orc:1    | Killed an orc warlord
 19453 | Orc:1    | Got an ancient dagger
 19773 | Orc:2    | Reached skill level 17 in Invocations
 19935 | Orc:2    | Found Bewk's Book Boutique.
 19935 | Orc:2    | Found Muneik's Antique Armour Shop.
 19935 | Orc:2    | Found a one-way gate leading to the halls of Pandemonium.
 20259 | D:14     | Bought a translucent rapier for 279 gold pieces
 20423 | Orc:2    | Bought a fine plate armour for 896 gold pieces
 20423 | Orc:2    | Bought an embroidered cloak for 240 gold pieces
 20433 | Orc:2    | Identified the cursed +1 plate armour of Lonongob {Str+4} (You bought it in a shop on level 2 of the Orcish Mines)
 20522 | Elf:1    | Entered Level 1 of the Elven Halls
 20522 | Elf:1    | Noticed Aizul
 20550 | Elf:1    | Killed Aizul
 20807 | Elf:1    | Noticed Donald
 20950 | Elf:1    | Reached skill level 18 in Invocations
 20954 | Elf:1    | Noticed a deep elf elementalist
 21130 | Elf:1    | Zin protects you from harm!
 21137 | Elf:1    | Slain by a halberd of freezing

Vault maps used:
D:1:      minmay_arrival_jagged, lemuel_another_geyser
D:2:      fedhas_altar_2
D:3:      first_ration, kennysheep_generic_room_5, uniq_terence, uniq_grinder,
          uniq_sigmund
D:4:      minitemple, minmay_temple_entry_glass
D:5:      nicolae_ossuary_entry_giza
D:6:      serial_shops, kennysheep_little_box, uniq_blork_the_orc
D:7:      grunt_livestock
D:8:      minmay_bloctagon_deflated, kennysheep_okawaru_gauntlet, uniq_joseph
D:9:      hangedman_cross_veins, grunt_ministairs_11, grunt_dithmenos_smoke
D:10:     erik_lair_orcish_takeover, minmay_curled_crystal,
          minmay_misc_feat_columns, uniq_sonja, uniq_harold, uniq_erica
D:12:     erik_orc_2, uniq_urug
D:13:     grunt_vaults_entry_fortified, basic_altar, uniq_maurice
D:14:     serial_shops, nicolae_shop_stone, moated_statue, serial_glass,
          glass_columns_a, glass_columns_c, minmay_guarded_unrand_curses,
          uniq_josephine
D:15:     hangedman_depths_entry_try_elsewhere_first, minmay_tree_intersection
Temple:   regret_index_temple_chain_breaker
Orc:1:    bloody_trog
Orc:2:    pf_orc_diabolical, uniq_azrael
Elf:1:    eino_elf_arrival_shootout, basic_altar, minivault_28, uniq_aizul,
          uniq_donald
Ossuary:  minmay_ossuary_two_tombs

Skill      XL: |  1  2  3  4  5  6  7  8  9 10 11 12 13 14 15 |
---------------+----------------------------------------------+-----
Short Blades   | 3 4 5 6 7 8 10 11 12 13 14 | 14.0
Dodging        | 3 5 6 7 9 |  9.0
Shields        | 4 6 8 9 |  9.0
Fighting       | 4 5 6 8 9 |  9.0
Armour         | 5 6 7 9 |  9.0
Invocations    | 8 12 15 16 18 | 18.0

Action                   |  1- 3 |  4- 6 |  7- 9 | 10-12 | 13-15 || total
-------------------------+-------+-------+-------+-------+-------++-------
Melee: Rapier            |    43 |   202 |   267 |       |       ||   512
       Dagger            |       |       |   315 |  1026 |  1167 ||  2508
       Scimitar          |       |       |       |     7 |    33 ||    40
 Cast: Blink             |       |       |       |       |     2 ||     2
Invok: Recite            |       |       |       |    11 |    69 ||    80
Evoke: Wand              |       |       |       |    24 |     9 ||    33
       Phial of floods   |       |       |       |       |     1 ||     1
  Use: Potion            |     4 |       |       |     6 |     8 ||    18
       Scroll            |       |       |     1 |    17 |     9 ||    27
 Stab: Paralysed         |       |       |     2 |     6 |    38 ||    46
       Invisible         |       |       |       |     5 |     9 ||    14
       Confused          |       |       |       |     9 |    31 ||    40
  Eat: Ration            |       |     1 |     1 |     1 |     6 ||     9
       Chunk             |       |       |    12 |    16 |     7 ||    35
Armor: Scale mail        |    15 |    67 |   123 |    84 |       ||   289
       Plate armour      |     5 |     3 |       |       |       ||     8
       Skin              |     3 |     1 |       |       |       ||     4
       Ring mail         |       |       |       |    36 |    14 ||    50
       Chain mail        |       |       |       |       |   222 ||   222
Dodge: Dodged            |    14 |    57 |   173 |   353 |   301 ||   898
Block: Shield            |    29 |    64 |    74 |       |       ||   167
       Buckler           |       |       |   152 |   334 |   552 ||  1038
       Reflection        |       |       |    18 |    22 |    42 ||    82
       Rpst.: Scimitar   |       |       |       |     2 |     4 ||     6

Table legend:
 A = Spawn XP
 B = Non-spawn XP
 C = Spawn XP percentage of total XP
 D = Spawn monster count
 E = Non-spawn monster count
 F = Spawn count percentage of total count
 G = Total turns spent on level
                    A         B        C        D         E        F      G
               +---------+---------+-------+---------+---------+-------+---------
         Total |       0 |   95877 |   0.0 |       0 |     609 |   0.0 | 21137
               +---------+---------+-------+---------+---------+-------+---------
           D:1 |       0 |      21 |   0.0 |       0 |      12 |   0.0 |   805
           D:2 |       0 |      59 |   0.0 |       0 |      18 |   0.0 |  1136
           D:3 |       0 |     594 |   0.0 |       0 |      27 |   0.0 |   853
           D:4 |       0 |     234 |   0.0 |       0 |      12 |   0.0 |   910
           D:5 |       0 |     580 |   0.0 |       0 |      32 |   0.0 |  1066
           D:6 |       0 |    1461 |   0.0 |       0 |      30 |   0.0 |   626
           D:7 |       0 |    1972 |   0.0 |       0 |      33 |   0.0 |  1040
           D:8 |       0 |     775 |   0.0 |       0 |      18 |   0.0 |   599
           D:9 |       0 |    6713 |   0.0 |       0 |      57 |   0.0 |  1892
          D:10 |       0 |    5275 |   0.0 |       0 |      42 |   0.0 |  1167
          D:11 |       0 |    6639 |   0.0 |       0 |      38 |   0.0 |  1162
          D:12 |       0 |    4379 |   0.0 |       0 |      41 |   0.0 |  1278
          D:13 |       0 |   16060 |   0.0 |       0 |      35 |   0.0 |  1546
          D:14 |       0 |   14473 |   0.0 |       0 |      40 |   0.0 |  1611
          D:15 |       0 |    4572 |   0.0 |       0 |      10 |   0.0 |   877
        Temple |       0 |      39 |   0.0 |       0 |       1 |   0.0 |   518
         Orc:1 |       0 |    5351 |   0.0 |       0 |      37 |   0.0 |   806
         Orc:2 |       0 |   19259 |   0.0 |       0 |      80 |   0.0 |  2227
         Elf:1 |       0 |    7044 |   0.0 |       0 |      10 |   0.0 |   394
       Ossuary |       0 |     377 |   0.0 |       0 |      36 |   0.0 |   624
               +---------+---------+-------+---------+---------+-------+---------
